 Dungeon Crawl Stone Soup version 0.28.0-43-g3370ac3207 (webtiles) character file.

Game seed: 5625110426934343958

47 Ablot the Grasshopper (level 3, 0/31 HPs)
             Began as a Gnoll Warper on Mar 24, 2022.
             Killed by divine providence
             ... invoked by an orc priest
              (13 damage)
             ... on level 2 of the Dungeon on Mar 25, 2022.
             The game lasted 00:03:47 (1941 turns).

Ablot the Grasshopper (Gnoll Warper)                Turns: 1941, Time: 00:03:48

Health: 0/31       AC:  4    Str: 12    XL:     3   Next: 70%
Magic:  9/9        EV: 12    Int: 12    God:
Gold:   91         SH:  0    Dex: 11    Spells: 10/12 levels left

rFire   . . .      SeeInvis .   a - +0 spear
rCold   . . .      Faith    .   (no shield)
rNeg    . . .      Spirit   .   b - +0 leather armour
rPois   .          Reflect  .   j - +0 helmet
rElec   .          Harm     .   (no cloak)
rCorr   .          Rampage  .   (no gloves)
Will    .....                   (no boots)
Stlth   +.........              (no amulet)
HPRegen 0.10/turn               (no ring)
MPRegen 0.11/turn               (no ring)

@: no status effects
A: fangs 1, strong nose, distributed training
a: no special abilities


You were on level 2 of the Dungeon.
You visited 1 branch of the dungeon, and saw 2 of its levels.

You collected 91 gold pieces.

Inventory:

Hand Weapons
 a - a +0 spear (weapon)
Missiles
 d - 5 boomerangs of dispersal (quivered)
 f - 61 stones
 h - 10 sling bullets
 k - 11 arrows
 l - 2 boomerangs
Armour
 b - a +0 leather armour (worn)
 j - a +0 helmet (worn)
Scrolls
 c - 2 scrolls of blinking
 e - a scroll of fear {unknown}
 g - a scroll of teleportation {unknown}
 i - a scroll of identify {unknown}


   Skills:
 + Level 4.5 Fighting
 + Level 0.9 Short Blades
 + Level 0.9 Long Blades
 + Level 0.9 Axes
 + Level 0.9 Maces & Flails
 + Level 4.5 Polearms
 + Level 0.9 Staves
 + Level 0.9 Slings
 + Level 0.9 Bows
 + Level 0.9 Crossbows
 + Level 2.6 Throwing
 + Level 2.6 Armour
 + Level 4.5 Dodging
 + Level 0.9 Stealth
 + Level 0.9 Shields
 + Level 0.9 Unarmed Combat
 + Level 5.0 Spellcasting
 + Level 0.6 Conjurations
 + Level 0.6 Hexes
 + Level 0.6 Summonings
 + Level 0.6 Necromancy
 + Level 5.4 Translocations
 + Level 0.6 Transmutations
 + Level 0.6 Fire Magic
 + Level 0.6 Ice Magic
 + Level 0.6 Air Magic
 + Level 0.6 Earth Magic
 + Level 0.6 Poison Magic
 + Level 1.0 Invocations
 + Level 0.9 Evocations


You had 10 spell levels left.
You knew the following spells:

 Your Spells              Type           Power      Damage    Failure   Level
a - Blink                 Tloc           32%        N/A       4%          2

Your spell library contained the following spells:

 Spells                   Type           Power      Damage    Failure   Level
 Gell's Gravitas          Tloc           16%        N/A       9%          3
 Lesser Beckoning         Tloc           16%        N/A       9%          3
 Teleport Other           Tloc           16%        N/A       9%          3
 Passage of Golubria      Tloc           16%        N/A       26%         4
 Tukima's Dance           Hex            4%         N/A       52%         3
 Manifold Assault         Tloc           16%        N/A       58%         5
 Yara's Violent Unravell  Hex/Tmut       2%         3d3       99%         5


Dungeon Overview and Level Annotations

Branches:
Dungeon (2/15)

Altars:

Shops:
D:1 ?


Innate Abilities, Weirdness & Mutations

You have very sharp teeth.
Your uncanny sense of smell can sniff out nearby items.
Your experience applies equally to all skills.


Message History

l - 2 boomerangs
Things that are here:
a +0 dagger; an orc corpse
There is a stone staircase leading up here.
You climb upwards.
There is a stone staircase leading down here.
You start resting.
HP restored.
There is an open door here.
You open the door.
There is an open door here.
There is an open door here.
There is an escape hatch in the floor here.
You slide downwards.
The hatch slams shut behind you.
The orc shouts!
You hear a shout!
You reach to attack!
You hit the orc.
The orc is moderately wounded.
You hit the orc.
The orc is severely wounded.
The orc priest invokes the aid of Beogh against you.
Beogh smites you! The orc barely misses you.
You hit the orc.
You kill the orc!
The orc priest begins to cast a cantrip, but forgets the words!
You closely miss the orc priest. The orc priest closely misses you.
You barely miss the orc priest.
The orc priest hits you with a +0 dagger.
You closely miss the orc priest.
The orc priest hits you with a +0 dagger.
You closely miss the orc priest. The orc priest barely misses you.
You hit the orc priest. Your bite misses the orc priest.
The orc priest is lightly wounded.
You closely miss the orc priest. Your punch misses the orc priest.
The orc priest is lightly wounded.
The orc priest hits you with a +0 dagger.
You closely miss the orc priest.
The orc priest is lightly wounded.
The orc priest invokes the aid of Beogh against you.
Beogh smites you!
You die...

#....#.....#.###########
.....##<#..#.####.##
.....##..........#.#
.....#.........##.##
...........#.#.##.#
.......)...#.#.##.#
........).##.#....######
.##..#..####.#.........#
.......@# #.#...#####.#
###....o.....##.##
#.##.########.# #. #.
#.# # #. #.# #. #.# #.#
#.# ###.########.# .#
.........ob..#


You could see an orc priest.

Vanquished Creatures
  An adder (D:2)
  2 orcs (D:2)
  3 ball pythons
  7 endoplasms (D:1)
  A giant cockroach (D:1)
  5 hobgoblins (D:1)
  A quokka (D:1)
  3 bats
  A goblin (D:1)
  3 kobolds
  7 rats
34 creatures vanquished.

Notes
Turn   | Place    | Note
-------+----------+-------------------------------------------
     0 | D:1      | Ablot the Gnoll Warper began the quest for the Orb.
     0 | D:1      | Reached XP level 1. HP: 20/20 MP: 6/6
    93 | D:1      | Found Quafoz's Magic Scroll Emporium.
   158 | D:1      | Reached XP level 2. HP: 26/26 MP: 7/7
   161 | D:1      | Learned a level 2 spell: Blink
  1203 | D:1      | Reached XP level 3. HP: 31/31 MP: 9/9
  1308 | D:1      | Reached skill level 5 in Spellcasting
  1495 | D:2      | Noticed an ogre
  1616 | D:2      | Reached skill level 1 in Invocations
  1941 | D:2      | Killed from afar by an orc priest

Illustrated notes

Levels and vault maps discovered:
D:1:      nicolae_arrival_memento_mori, layout_loops_corners, serial_shops, shop
D:2:      layout_loops_ring, ebering_ecumenical_altar_hall

Skill      XL: |  1  2  3 |
---------------+----------+-----
Spellcasting   | 5 |  5.0
Invocations    | 1 |  1.0
Fighting       | |  4.5
Short Blades   | |  0.9
Long Blades    | |  0.9
Axes           | |  0.9
Maces & Flails | |  0.9
Polearms       | |  4.5
Staves         | |  0.9
Slings         | |  0.9
Bows           | |  0.9
Crossbows      | |  0.9
Throwing       | |  2.6
Armour         | |  2.6
Dodging        | |  4.5
Stealth        | |  0.9
Shields        | |  0.9
Unarmed Combat | |  0.9
Conjurations   | |  0.6
Hexes          | |  0.6
Summonings     | |  0.6
Necromancy     | |  0.6
Translocations | |  5.4
Transmutations | |  0.6
Fire Magic     | |  0.6
Ice Magic      | |  0.6
Air Magic      | |  0.6
Earth Magic    | |  0.6
Poison Magic   | |  0.6
Evocations     | |  0.9

Action                   || total
-------------------------++-------
Melee: Spear             ||   128
       Bite              ||    11
       Punch             ||     1
 Stab: Sleeping          ||     1
Armor: Leather armour    ||    28
Dodge: Dodged            ||    48
